 Dungeon Crawl Stone Soup version 0.31-a0-278-g485e682e34 (webtiles) character file.

Game seed: 15322361076252754138

18703 AdnanSaban the Basher (level 12, -2/77 HPs)
             Began as a Gargoyle Fighter on July 16, 2023.
             Was a High Priest of Okawaru.
             Slain by Jorgrun
             ... wielding a +0 heavy quarterstaff
              (13 damage)
             ... on level 13 of the Dungeon.
             The game lasted 00:29:38 (15250 turns).

AdnanSaban the Basher (Gargoyle Fighter)           Turns: 15250, Time: 00:29:38

Health: -2/77      AC: 29    Str: 26    XL:     12   Next: 61%
Magic:  10/12      EV: 11    Int:  8    God:    Okawaru [*****.]
Gold:   738        SH: 14    Dex:  9    Spells: 11/11 levels left

rFire   . . .        I - +1 flail (holy)
rCold   . . .        M - +2 kite shield
rNeg    + . .        G - +0 plate armour
rPois   ∞            x - +0 helmet
rElec   +            (no cloak)
rCorr   .            (no gloves)
SInv    .            O - +0 pair of boots
Will    +....        q - amulet of the acrobat Stlth
                     o - +5 ring of evasion
HPRegen 0.32/turn    E - ring of willpower
MPRegen 0.13/turn

%: acrobat
@: heroic, grasped by roots, constricted
A: sickness immunity, AC +8, negative energy resistance 1, electricity
resistance, torment resistance 1, petrification resistance
a: Renounce Religion, Heroism, Finesse, Duel


You were on level 13 of the Dungeon.
You worshipped Okawaru.
Okawaru was extremely pleased with you.
You visited 2 branches of the dungeon, and saw 14 of its levels.

You collected 738 gold pieces.

Inventory:

Hand Weapons
 C - a +0 flail of protection
 F - a +0 flail of draining
 I - a +1 flail of holy wrath (weapon)
Armour
 t - the +0 cloak of the Invisible Hand {rN++ Will++ Str-4}
   (Okawaru gifted it to you on level 12 of the Dungeon)

   Str:       It affects your strength (-4).
   rN:        It greatly protects you from negative energy.
   Will:      It greatly increases your willpower.
 x - a +0 helmet (worn)
 G - a +0 plate armour (worn)
 M - a +2 kite shield (worn)
 O - a +0 pair of boots (worn)
Jewellery
 o - a +5 ring of evasion (left hand)
 q - an amulet of the acrobat (around neck)
 E - a ring of willpower (right hand)
Wands
 c - a wand of iceblast (4)
 y - a wand of flame (31)
 D - a wand of paralysis (14)
 J - a wand of mindburst (8)
 L - a wand of polymorph (3)
Scrolls
 a - 4 scrolls of immolation {unknown}
 b - 2 scrolls of summoning {unknown}
 g - 7 scrolls of identify {unknown}
 l - 3 scrolls of poison {unknown}
 m - 2 scrolls of revelation {unknown}
 r - a scroll of fog {unknown}
 u - a scroll of silence {unknown}
 v - 2 scrolls of enchant armour {unknown}
 w - 3 scrolls of noise {unknown}
 A - 6 scrolls of teleportation {unknown}
 N - a scroll of vulnerability {unknown}
Potions
 d - 2 potions of might
 e - 2 potions of attraction {unknown}
 f - 2 potions of brilliance {unknown}
 h - a potion of resistance {unknown}
 i - 2 potions of degeneration {unknown}
 j - a potion of enlightenment {unknown}
 k - 8 potions of curing {unknown}
 n - a potion of ambrosia {unknown}
 p - a potion of magic {unknown}
 s - 4 potions of heal wounds {unknown}
 B - a potion of berserk rage {unknown}
 H - a potion of invisibility {unknown}
 K - 2 potions of mutation {unknown}


   Skills:
 + Level 10.2(15.2) Fighting
 + Level 13.5(18.5) Maces & Flails
 + Level 11.2(16.2) Armour
 + Level 10.0(15.0) Shields


You had 11 spell levels left.
You didn't know any spells.
Your spell library contained the following spells:

 Spells                   Type           Power      Damage    Failure   Level
 Leda's Liquefaction      Hex/Erth       0%         N/A       100%        4
 Fireball                 Conj/Fire      0%         3d3       100%        5
 Iskenderun's Battlesphe  Conj           0%         2d6       100%        5
 Lee's Rapid Deconstruct  Erth           0%         3d4*      100%        5
 Conjure Ball Lightning   Conj/Air       0%         3x3d6     100%        6
 Leda's Unmaking          Conj/Erth      0%         9d1       100%        6
 Orb of Destruction       Conj           0%         9d5       100%        7


Dungeon Overview and Level Annotations

Branches:
Dungeon (13/15)            Temple (1/1) D:7            Lair (0/5) D:11
    Orc (0/2) D:11
 Vaults: D:13-14

Altars:
Ashenzari
Cheibriados
Dithmenos
Elyvilon
Fedhas
Gozag
Hepliaklqana
Kikubaaqudgha
Makhleb
Nemelex Xobeh
Okawaru
Qazlal
Ru
Sif Muna
Trog
Uskayaw
Vehumet
Wu Jian
Xom
Yredelemnul
Zin
The Shining One

Shops:
D:3 ::   D:4 (:[   D:5 *

Annotations:
D:5 1 runed translucent door, Crazy Yiuf
D:8 2 transporters, gyole's ghost, novice TrSh
D:13 Jorgrun


Innate Abilities, Weirdness & Mutations

You are immune to sickness and miasma.
Your stone body is resilient. (AC +8)
You are immune to poison.
You resist negative energy. (rN+)
You are resistant to electric shocks. (rElec)
You are resistant to unholy torment.
You are immune to petrification.


Message History

Roots burst forth from the earth!
The grasping roots grab you! The grasping roots constrict you!
You escape the roots grasp.
Jorgrun gestures at you while chanting.
You shatter!!
You barely miss the wraith.
The wraith is almost destroyed.
The wraith barely misses you. The wraith attacks as you move away!
The wraith hits you. The wraith drains your vigour!
You feel yourself slow down. The wraith misses you.
The wraith attacks as you move away! You block the wraith's attack. x2
You closely miss the wraith.
The wraith is almost destroyed.
The wraith hits you.
You bludgeon the wraith!!
You destroy the wraith!
Okawaru accepts your kill. Jorgrun casts a spell at you.
You easily resist.
Jorgrun gestures at you while chanting.
You are unaffected.
You feel yourself speed up. Jorgrun closely misses you.
You hit Jorgrun.
Jorgrun is lightly wounded.
Jorgrun hits you with a +0 heavy quarterstaff.
You barely miss Jorgrun.
Jorgrun is lightly wounded.
You closely miss Jorgrun.
Jorgrun is lightly wounded.
Jorgrun gestures at you while chanting.
Roots burst forth from the earth!
The grasping roots grab you! The grasping roots constrict you!!
* * * LOW HITPOINT WARNING * * *
You gain the combat prowess of a mighty hero.
Jorgrun hits you with a +0 heavy quarterstaff!
You die...

.#.# #.#
#.......... .#.#
#.# ###########
...# #.# ...######
#.# g.......# #.#
#.....# #.# ####.#
#.#
#.#.############.#
#...........g@..#
##.##############
##. #


You could see Jorgrun.

Vanquished Creatures
  A death knight (D:13)
  5 boulder beetles
  Pikel (D:4)
  An ugly thing (D:12)
  A cyclops (D:12)
  2 manticores (D:10)
  2 gargoyles (D:12)
  2 komodo dragons
  2 kobold demonologists (D:12)
  2 trolls
  2 hornets
  Grinder (D:4)
  6 slime creatures
  4 wraiths
  3 shadows
  Sigmund (D:4)
  3 wyverns
  15 yaks
  A basilisk (D:11)
  7 vampire mosquitoes (D:12)
  3 steam dragons
  Edmund (D:5)
  An acid dragon (D:11)
  3 orc warriors
  2 water moccasins (D:10)
  A black bear (D:3)
  A sky beast (D:7)
  2 ogres
  9 centaurs
  3 phantoms (D:5)
  3 kobold brigands
  4 bullfrogs
  Blork the orc (D:4)
  2 gnoll sergeants (D:9)
  A scorpion (D:7)
  9 wights
  5 howler monkeys
  3 hounds
  4 jellies
  2 gnoll boudas
  4 orc priests
  An iron imp (D:10)
  Ijyb (D:5)
  5 iguanas
  9 orc wizards
  Robin (D:4)
  23 gnolls
  7 adders
  A white imp (D:5)
  2 ufetubi
  3 dart slugs
  28 orcs
  6 endoplasms
  2 giant cockroaches (D:4)
  17 goblins
  10 hobgoblins
  4 jackals (D:3)
  15 kobolds
  4 quokkas
  6 ball pythons
  5 bats
  5 frilled lizards
  6 rats
287 creatures vanquished.

Notes
Turn   | Place    | Note
-------+----------+-------------------------------------------
     0 | D:1      | AdnanSaban the Gargoyle Fighter began the quest for the
                  | Orb.
     0 | D:1      | Reached XP level 1. HP: 14/14 MP: 1/1
   165 | D:1      | Reached XP level 2. HP: 18/19 MP: 2/2
   695 | D:1      | You fall into a shaft and drop 1 floor!
   712 | D:2      | Reached XP level 3. HP: 23/23 MP: 3/3
  1242 | D:2      | Reached skill level 3 in Maces & Flails
  1478 | D:3      | Reached XP level 4. HP: 29/29 MP: 4/4
  1500 | D:3      | Found Vedwet's Book Shoppe.
  1614 | D:3      | Found Byseqez's Book Shoppe.
  2373 | D:4      | Noticed Sigmund
  2373 | D:4      | Found Atap's Antique Weapon Shoppe.
  2466 | D:4      | Found Xorack's Book Shoppe.
  2476 | D:4      | Reached XP level 5. HP: 30/33 MP: 5/5
  2507 | D:4      | Noticed a black bear
  2599 | D:3      | Killed a black bear
  2600 | D:3      | Reached skill level 4 in Maces & Flails
  2689 | D:4      | Noticed Blork the orc
  2938 | D:4      | Killed Sigmund
  2939 | D:4      | Reached skill level 5 in Armour
  2939 | D:4      | Reached XP level 6. HP: 15/39 MP: 6/6
  3056 | D:4      | Killed Blork the orc
  3057 | D:4      | Reached skill level 5 in Maces & Flails
  3154 | D:4      | Noticed Pikel
  3191 | D:4      | Killed Pikel
  3192 | D:4      | Reached skill level 5 in Fighting
  3192 | D:4      | Reached skill level 6 in Maces & Flails
  3192 | D:4      | Reached XP level 7. HP: 40/44 MP: 7/7
  3192 | D:4      | Reached XP level 8. HP: 44/49 MP: 8/8
  3277 | D:4      | Noticed Grinder
  3296 | D:4      | Paralysed by Grinder for 3 turns
  3313 | D:4      | Killed Grinder
  3570 | D:4      | Found Ziogib's Antique Armour Emporium.
  3606 | D:4      | Noticed Robin
  3647 | D:4      | Killed Robin
  3869 | D:4      | Reached skill level 7 in Maces & Flails
  4165 | D:5      | Entered Level 5 of the Dungeon
  4851 | D:5      | Found Cuammyte's Assorted Antiques.
  4870 | D:5      | Reached skill level 8 in Maces & Flails
  4870 | D:5      | Reached XP level 9. HP: 54/55 MP: 9/9
  4906 | D:5      | Noticed Ijyb
  4920 | D:5      | Killed Ijyb
  4921 | D:5      | Reached skill level 5 in Shields
  5022 | D:5      | Noticed Edmund
  5039 | D:5      | Killed Edmund
  5179 | D:5      | Found a runed translucent door.
  5180 | D:5      | Noticed Crazy Yiuf
  6043 | D:6      | Reached skill level 9 in Maces & Flails
  6520 | D:7      | Found an ancient bone altar of Kikubaaqudgha.
  6643 | D:7      | Found a staircase to the Ecumenical Temple.
  6653 | Temple   | Entered the Ecumenical Temple
  6729 | Temple   | Became a worshipper of Warmaster Okawaru
  7198 | D:7      | Reached XP level 10. HP: 50/63 MP: 10/10
  7327 | D:7      | Reached skill level 10 in Maces & Flails
  7680 | D:8      | Found a sparkling altar of Nemelex Xobeh.
  7731 | D:8      | Reached * piety under Okawaru
  8274 | D:8      | Noticed gyole's ghost (novice TrSh)
  8275 | D:8      | Found a transporter.
  8611 | D:8      | Found a transporter.
  9339 | D:9      | Reached ** piety under Okawaru
  9382 | D:9      | Found a shimmering altar of Xom.
  9382 | D:9      | Found a sacrificial altar of Ru.
  9602 | D:9      | Reached skill level 11 in Maces & Flails
 10172 | D:10     | Entered Level 10 of the Dungeon
 10333 | D:10     | Noticed a manticore
 10413 | D:10     | Killed a manticore
 10414 | D:10     | Reached XP level 11. HP: 35/69 MP: 11/11
 10659 | D:9      | Reached *** piety under Okawaru
 10847 | D:10     | Found a glowing golden altar of the Shining One.
 10847 | D:10     | Found a bloodstained altar of Trog.
 11031 | D:10     | Found a snail-covered altar of Cheibriados.
 11272 | D:11     | Noticed a boulder beetle
 11312 | D:11     | Killed a boulder beetle
 11312 | D:11     | Reached **** piety under Okawaru
 11401 | D:11     | Reached skill level 12 in Maces & Flails
 11504 | D:11     | Noticed a boulder beetle
 11580 | D:11     | Killed a boulder beetle
 11757 | D:9      | Reached ***** piety under Okawaru
 11838 | D:10     | Reached skill level 10 in Armour
 11919 | D:11     | Found a staircase to the Lair.
 11920 | D:11     | Noticed a manticore
 11962 | D:10     | Received a gift from Okawaru
 12167 | D:10     | Killed a manticore
 12423 | D:11     | Found a staircase to the Orcish Mines.
 13033 | D:12     | Noticed a cyclops
 13105 | D:12     | Noticed a boulder beetle
 13232 | D:11     | Killed a boulder beetle
 13433 | D:12     | Noticed a boulder beetle
 13469 | D:11     | Reached XP level 12. HP: 52/76 MP: 12/12
 13642 | D:11     | Killed a boulder beetle
 13925 | D:12     | Reached skill level 13 in Maces & Flails
 14431 | D:12     | Identified the +0 cloak of the Invisible Hand {rN++ Will++
                  | Str-4} (Okawaru gifted it to you on level 12 of the
                  | Dungeon)
 14431 | D:12     | Received a gift from Okawaru
 14449 | D:12     | Noticed a boulder beetle
 14473 | D:12     | Killed a boulder beetle
 14474 | D:12     | Reached skill level 10 in Fighting
 14715 | D:13     | Noticed a death knight
 14750 | D:13     | Killed a death knight
 14751 | D:13     | Reached skill level 10 in Shields
 15173 | D:13     | Noticed Jorgrun
 15250 | D:13     | Slain by Jorgrun

Illustrated notes

Levels and vault maps discovered:
D:1:      ncdulo_lavacross, layout_loops_corners
D:2:      layout_loops_ring
D:3:      layout_basic, serial_shops, nicolae_shop_waterfront, shop,
          kennysheep_generic_room_11
D:4:      layout_loops_corners, serial_shops, nicolae_shop_crystal,
          shop_fountains, nicolae_shop_tiny_glass, nicolae_figureground_pulse,
          uniq_sigmund, uniq_robin, uniq_pikel, uniq_grinder, uniq_blork_the_orc
D:5:      layout_loops_cross, serial_shops, nicolae_square_shop,
          minmay_ogre_servants, uniq_ijyb, uniq_edmund, uniq_crazy_yiuf_cottage
D:6:      layout_gridville, roderic_lattice_a
D:7:      layout_loops_ring, mainiacjoe_overflow_surrounded_room
D:8:      layout_layer_cave, lemuel_crystal_altar, gammafunk_ghost_arena
D:9:      layout_roguey, gammafunk_temple_overflow_elements
D:10:     layout_cave_pools, chei_slow_surprise, gammafunk_temple_overflow_wave
D:11:     layout_gridville, minmay_lair_entry_grove, orc_0_dummy
D:12:     layout_roguey
D:13:     layout_basic, enter_trove_0, uniq_jorgrun
Temple:   nicolae_temple_bog_church

Skill      XL: |  1  2  3  4  5  6  7  8  9 10 11 12 |
---------------+-------------------------------------+-----
Maces & Flails | 3 4 6 8 9 11 12 13 | 13.5
Armour         | 4 5 6 8 9 10 11 | 11.2
Fighting       | 4 5 6 7 8 9 10 | 10.2
Shields        | 4 5 6 9 10 | 10.0

Action                     |  1- 3 |  4- 6 |  7- 9 | 10-12 || total
---------------------------+-------+-------+-------+-------++-------
  Melee: Flail             |   123 |   156 |   480 |   957 ||  1716
 Invoke: Heroism           |       |       |       |     3 ||     3
 Armour: Scale mail        |    64 |    88 |   189 |       ||   341
         Plate armour      |       |       |    27 |   365 ||   392
  Dodge: Dodged            |    55 |   146 |   285 |   449 ||   935
  Block: Buckler           |    23 |    41 |   100 |    60 ||   224
         Kite shield       |       |       |       |   376 ||   376

Table legend: (Time is in decaauts)
 A = Elapsed time spent in this place.
 B = Non-inter-level travel time spent in this place.
 C = Inter-level travel time spent in this place.
 D = Time resting spent in this place.
 E = Time spent auto-exploring this place.
 F = Levels seen in this place.
 G = Mean time per level.
                   A        B        C        D        E       F      G
               +--------+--------+--------+--------+--------+-----+--------+
         Total |  15254 |  14538 |    716 |   2346 |   8728 |  14 | 1089.6 |
       Dungeon |  15037 |  14343 |    694 |   2346 |   8548 |  13 | 1156.7 |
        Temple |    216 |    194 |     22 |      0 |    180 |   1 |  216.0 |
               +--------+--------+--------+--------+--------+-----+--------+

Top non-repeatable levels by time:
     D:4: 1651 daAuts
     D:8: 1636 daAuts
    D:11: 1628 daAuts
    D:12: 1487 daAuts
    D:10: 1364 daAuts
     D:9: 1141 daAuts
     D:7: 1088 daAuts
     D:3: 1060 daAuts
     D:5: 1036 daAuts
     D:6: 956 daAuts
     D:2: 855 daAuts
     D:1: 811 daAuts
    D:13: 318 daAuts
  Temple: 216 daAuts
